 Dungeon Crawl Stone Soup version 0.30-a0-6-g7c9e10e132 (webtiles) character file.

Game seed: 14988898819161166625

181 siradein the Trooper (level 5, -1/47 HPs)
             Began as a Hill Orc Fighter on Aug 22, 2022.
             Slain by Natasha (2 damage)
             ... on level 3 of the Dungeon.
             The game lasted 00:03:39 (1984 turns).

siradein the Trooper (Hill Orc Fighter)             Turns: 1984, Time: 00:03:41

Health: -1/47      AC:  7    Str: 21    XL:     5   Next: 61%
Magic:  5/5        EV:  6    Int:  8    God:
Gold:   113        SH: 12    Dex: 10    Spells: 4/4 levels left

rFire   . . .      SeeInvis .    t - +0 short sword (vamp)
rCold   . . .      Faith    .    q - +0 tower shield
rNeg    . . .      Spirit   .    b - +0 scale mail
rPois   .          Reflect  .    (no helmet)
rElec   .          Harm     .    (no cloak)
rCorr   +          Rampage  .    (no gloves)
Will    .....                    (no boots)
Stlth   ..........               (no amulet)
HPRegen 0.15/turn                p - ring of resist corrosion
MPRegen 0.09/turn                (no ring)

@: no status effects
A: no striking features
a: no special abilities


You were on level 3 of the Dungeon.
You visited 1 branch of the dungeon, and saw 3 of its levels.

You collected 113 gold pieces.

Inventory:

Hand Weapons
 a - a +0 war axe
 t - a +0 vampiric short sword (weapon)
Armour
 b - a +0 scale mail (worn)
 q - a +0 tower shield (worn)
Jewellery
 k - a ring of fire
 p - a ring of resist corrosion (left hand)
Scrolls
 f - 2 scrolls of immolation {unknown}
 i - a scroll of teleportation {unknown}
 j - 2 scrolls of poison {unknown}
 m - 2 scrolls of identify {unknown}
 o - a scroll of magic mapping {unknown}
Potions
 c - a potion of curing {unknown}
 d - a potion of might
 e - a potion of attraction {unknown}
 g - a potion of mutation {unknown}
 h - a potion of resistance {unknown}
 l - a potion of heal wounds {unknown}
 n - a potion of lignification {unknown}
 r - a potion of cancellation {unknown}
 s - a potion of degeneration {unknown}


   Skills:
 + Level 4.8 Fighting
 + Level 4.3 Axes
 + Level 4.5 Armour
 + Level 4.3 Shields


You had 4 spell levels left.
You didn't know any spells.
Your spell library was empty.

Dungeon Overview and Level Annotations

Branches:
Dungeon (3/15)

Altars:
Makhleb

Shops:
D:2 *

Annotations:
D:3 Natasha


Message History

Unknown command.
Unknown command.
Natasha attacks as you move away! You block Natasha's attack.
You hit Natasha but do no damage.
Natasha is lightly wounded.
You block Natasha's attack. Natasha claws you.
* * * LOW HITPOINT WARNING * * *
You barely miss Natasha.
Natasha is lightly wounded.
Natasha claws you but does no damage.
You hit Natasha.
Natasha is moderately wounded.
Natasha wildly gestures.
You feel troubled. Natasha claws you but does no damage. Natasha claws you.
* * * LOW HITPOINT WARNING * * *
You barely miss Natasha.
Natasha is lightly wounded.
You block Natasha's attack.
You hit Natasha.
Natasha is moderately wounded.
The white imp disappears in a puff of smoke!
You block Natasha's attack. Natasha claws you.
* * * LOW HITPOINT WARNING * * *
You hit Natasha.
You feel better.
Natasha is moderately wounded.
Natasha barely misses you.
You hit Natasha.
You feel better.
Natasha is moderately wounded.
You block Natasha's attack. x2
You hit Natasha.
You feel better.
Natasha is heavily wounded.
Natasha claws you but does no damage.
You hit Natasha but do no damage.
Natasha is heavily wounded.
The crimson imp sputters.
Natasha claws you.
* * * LOW HITPOINT WARNING * * *
Natasha claws you.
You die...

........##.#.≈≈.≈≈..#
........##...≈...≈..#
#......<...#.≈.8.≈..#
#.$.....####........####
..........)...5.........
#.......#####.....#.....
#.......# #........... .
........# #..##.......
.. ..####### #..#@.# ..
... ## ##)5h.## . ...
...###....## ..
#....†..########.#####
###..†................
........########.......
####....# #......
#.....## ...... ..##..
.....


You could see Natasha and a crimson imp (summoned).

Vanquished Creatures
  A hound (D:3)
  Terence (D:2)
  Natasha (D:3)
  3 adders (D:2)
  A gnoll (D:1)
  3 dart slugs
  5 ball pythons (D:1)
  A bat (D:3)
  3 endoplasms (D:1)
  8 goblins
  5 hobgoblins
  7 jackals
  6 kobolds
  3 quokkas
  2 frilled lizards
  5 rats
55 creatures vanquished.

Vanquished Creatures (others)
  6 plants (D:1)
6 creatures vanquished.

Grand Total: 61 creatures vanquished

Notes
Turn   | Place    | Note
-------+----------+-------------------------------------------
     0 | D:1      | siradein the Hill Orc Fighter began the quest for the Orb.
     0 | D:1      | Reached XP level 1. HP: 19/19 MP: 1/1
   204 | D:1      | Reached XP level 2. HP: 7/27 MP: 2/2
   637 | D:1      | Reached XP level 3. HP: 33/33 MP: 3/3
  1182 | D:2      | Noticed Terence
  1195 | D:2      | Killed Terence
  1196 | D:2      | Reached XP level 4. HP: 40/40 MP: 4/4
  1491 | D:2      | Found Qiedaip's Assorted Antiques.
  1888 | D:3      | Found a burning altar of Makhleb.
  1898 | D:3      | Reached XP level 5. HP: 47/47 MP: 5/5
  1909 | D:3      | Noticed Natasha
  1923 | D:3      | Killed Natasha
  1961 | D:3      | Noticed Natasha
  1980 | D:3      | HP: 2/47 [Natasha (2)]
  1984 | D:3      | Slain by Natasha

Illustrated notes

Levels and vault maps discovered:
D:1:      dpeg_arrival_castle, layout_loops_cross, nicolae_grassy_gnolls
D:2:      layout_basic, serial_shops, shop_statue,
          chequers_serial_rivers_room_a, uniq_terence
D:3:      layout_rooms, mainiacjoe_overflow_catwalk, gup_sewer_entry_spiral,
          minmay_puff, uniq_natasha

Skill      XL: |  1  2  3  4 |
---------------+-------------+-----
Axes           | 3 4 |  4.3
Fighting       | 4 |  4.8
Armour         | 4 |  4.5
Shields        | 4 |  4.3

Action                   |  1- 3 |  4- 6 || total
-------------------------+-------+-------++-------
Melee: War axe           |    84 |    76 ||   160
       Short sword       |       |    13 ||    13
Armor: Scale mail        |    38 |    56 ||    94
Dodge: Dodged            |    47 |    25 ||    72
Block: Buckler           |    23 |     1 ||    24
       Tower shield      |       |    55 ||    55

Table legend: (Time is in decaauts)
 A = Elapsed time spent in this place.
 B = Non-inter-level travel time spent in this place.
 C = Inter-level travel time spent in this place.
 D = Time resting spent in this place.
 E = Time spent auto-exploring this place.
 F = Levels seen in this place.
 G = Mean time per level.
                   A        B        C        D        E       F      G
               +--------+--------+--------+--------+--------+-----+--------+
         Total |   2063 |   2043 |     20 |      3 |   1582 |   3 |  687.7 |
       Dungeon |   2063 |   2043 |     20 |      3 |   1582 |   3 |  687.7 |
               +--------+--------+--------+--------+--------+-----+--------+

Top non-repeatable levels by time:
     D:1: 1173 daAuts
     D:2: 770 daAuts
     D:3: 119 daAuts
